 Dungeon Crawl Stone Soup version 0.19-a0-1732-g0b18a7b (webtiles) character file.

83 4thArraOfDagon the Slasher (level 4, -8/40 HPs)
             Began as a Minotaur Monk on Sept 30, 2016.
             Mangled by an ice beast (14 damage)
             ... on level 7 of the Dungeon.
             The game lasted 00:03:37 (757 turns).

4thArraOfDagon the Slasher (Minotaur Monk)           Turns: 757, Time: 00:03:37

Health: -8/40      AC:  2    Str: 15    XL:     4   Next: 22%
Magic:  3/3        EV: 17    Int:  8    God:
Gold:   92         SH:  0    Dex: 13    Spells: 0 memorised, 3 levels left

rFire  + . .     SeeInvis .     o - +1 long sword
rCold  . . .     Gourm    .     b - +0 robe
rNeg   . . .     Faith    .     (no shield)
rPois  .         Spirit   .     (helmet restricted)
rElec  .         Dismiss  .     (no cloak)
rCorr  .         Reflect  .     (no gloves)
MR     .....     Harm     .     (no boots)
Stlth  ++........               e - amulet of regeneration
                                q - +4 ring of evasion
                                h - ring of protection from fire

@: invisible
A: retaliatory headbutt, horns 2
a: no special abilities


You were on level 7 of the Dungeon.
You were not hungry.

You visited 1 branch of the dungeon, and saw 5 of its levels.

You collected 92 gold pieces.

Inventory:

Hand Weapons
 a - a +0 falchion
 o - a +1 long sword (weapon)
Armour
 b - a +0 robe (worn)
Jewellery
 e - an amulet of regeneration (around neck)
 h - a ring of protection from fire (left hand)
 q - a +4 ring of evasion (right hand)
Wands
 p - a wand of digging (13/24)
Scrolls
 f - a scroll of fear
 l - 3 scrolls of identify
 m - 2 scrolls of fog
 n - a scroll of enchant armour {unknown}
Potions
 d - 2 potions of invisibility
 g - a potion of flight {unknown}
 i - a potion of might {unknown}
 k - a potion of lignification {unknown}
 r - a potion of mutation {unknown}
 s - a potion of curing {unknown}
 u - a potion of degeneration {unknown}
Comestibles
 c - 3 bread rations


   Skills:
 + Level 3.9 Fighting
 * Level 5.0 Long Blades
 + Level 2.2 Armour
 + Level 3.7 Dodging
 - Level 1.5 Stealth


You had 3 spell levels left.
You didn't know any spells.

Dungeon Overview and Level Annotations

Branches:
Dungeon (4/15)
 Temple: D:4-7

Altars:

Annotations:
D:2 Sigmund


Innate Abilities, Weirdness & Mutations

You reflexively headbutt those who attack you in melee.
You have a pair of horns on your head.


Message History

You hit the ice beast. You headbutt the ice beast.
The ice beast is heavily wounded.
The ice beast hits you. The ice beast freezes you!
You hit the ice beast but do no damage.
The ice beast is heavily wounded.
The ice beast hits you. The ice beast freezes you!
You hit the ice beast. You headbutt the ice beast.
The ice beast is severely wounded.
The ice beast hits you. The ice beast freezes you!
* * * LOW HITPOINT WARNING * * *
You are too injured to fight recklessly!
You are too injured to fight recklessly!
The ice beast misses you.
You riposte.
You barely miss the ice beast.
The ice beast is severely wounded.
It was a potion of invisibility.
You fade into invisibility!
The ice beast hits you.
* * * LOW HITPOINT WARNING * * *
The ice beast freezes you!
You die...

######################
........##.........$..
................#
.#####...#.####l#
#.#....###Y######
..........@...!....
............#.######.
#.##...........# #
#........###.#
#........# #...
........!# #.###
#......?. ..# #.....#
##


You could see an ice beast and an iguana.

Vanquished Creatures
  A worker ant (D:7)
  3 adders
  An ooze (D:1)
  An adder skeleton (D:4)
  2 leopard geckos (D:1)
  An orc (D:4)
  A giant cockroach (D:1)
  2 goblins (D:1)
  A hobgoblin (D:1)
  3 jackals (D:7)
  2 kobolds (D:1)
  2 bats
  2 frilled lizards
  4 rats (D:1)
26 creatures vanquished.

Notes
Turn   | Place    | Note
-------+----------+-------------------------------------------
     0 | D:1      | 4thArraOfDagon the Minotaur Monk began the quest for the Orb.
     0 | D:1      | Reached XP level 1. HP: 19/19 MP: 0/0
    94 | D:2      | Reached skill level 1 in Armour
   105 | D:2      | Reached skill level 4 in Long Blades
   105 | D:2      | Reached XP level 2. HP: 11/27 MP: 1/1
   109 | D:2      | Noticed Sigmund
   276 | D:1      | Reached XP level 3. HP: 29/33 MP: 2/2
   609 | D:4      | You fall through a shaft for 3 floors!
   655 | D:7      | Reached skill level 5 in Long Blades
   655 | D:7      | Reached XP level 4. HP: 18/40 MP: 3/3
   707 | D:7      | Noticed a yak
   738 | D:7      | Noticed an ice beast
   757 | D:7      | Mangled by an ice beast

Vault maps used:
D:1:      dpeg_arrival_houses_and_road
D:2:      ecumenical_altar_2, uniq_sigmund, uniq_crazy_yiuf_cottage
D:3:      nicolae_overflow_hidden_temple
D:4:      minmay_wonky_spiral, minmay_cut_off
D:7:      uniq_prince_ribbit1

Skill      XL: |  1  2  3 |
---------------+----------+-----
Armour         | 1 2 |  2.2
Long Blades    | 4 5 |  5.0
Fighting       | |  3.9
Dodging        | |  3.7
Stealth        | |  1.5

Action                   |  1- 3 |  4- 6 || total
-------------------------+-------+-------++-------
Melee: Falchion          |    61 |       ||    61
       Headbutt          |    14 |     2 ||    16
       Long sword        |    19 |     7 ||    26
  Use: Scroll            |       |     5 ||     5
       Potion            |       |     1 ||     1
 Stab: Sleeping          |     1 |       ||     1
Armor: Robe              |     5 |       ||     5
Dodge: Dodged            |    53 |     4 ||    57
